 Dungeon Crawl Stone Soup version 0.30-a0-778-g2ef04afb54 (webtiles) character file.

Game seed: 5199612423848941874

16335 Atlas the Thaumaturge (level 12, -1/81 HPs)
             Began as a Demonspawn Fire Elementalist on Feb 15, 2023.
             Was a Priest of Vehumet.
             Shot with an arrow by a centaur warrior (19 damage)
             ... on level 13 of the Dungeon.
             The game lasted 00:19:18 (13955 turns).

Atlas the Thaumaturge (DsFE)                       Turns: 13955, Time: 00:19:19

Health: -1/81      AC: 10    Str:  9    XL:     12   Next: 9%
Magic:  14/26      EV: 13    Int: 20    God:    Vehumet [***...]
Gold:   149        SH:  0    Dex: 15    Spells: 17/32 levels left

rFire   . . .      SeeInvis +    B - +8 demon trident "Rift" {distort, reach+}
rCold   . . .      Faith    .    (no shield)
rNeg    . . .      Spirit   .    m - +0 troll leather armour
rPois   +          Reflect  .    R - +2 helmet {SInv}
rElec   .          Harm     .    F - +0 cloak
rCorr   .          Rampage  .    (gloves unavailable)
Will    +....                    (no boots)
Stlth   +++                      K - amulet of regeneration
HPRegen 1.93/turn                n - ring of willpower
MPRegen 0.20/turn                C - ring of poison resistance

@: very slightly contaminated
A: molten scales 1, powered by death 1, spiny 1, demonic touch 3
a: Renounce Religion


You were on level 13 of the Dungeon.
You worshipped Vehumet.
Vehumet was most pleased with you.
You visited 2 branches of the dungeon, and saw 14 of its levels.
You also visited: Sewer.

You collected 949 gold pieces.
You spent 800 gold pieces at shops.

Inventory:

Hand Weapons
 p - the +5 rapier "Zinibbom" {drain, Str+2}
   (You found it on level 2 of the Dungeon)

   Str:       It affects your strength (+2).
 B - the +8 demon trident "Rift" (weapon) {distort, reach+}
   (You found it on level 3 of the Dungeon)
Missiles
 T - a throwing net
Armour
 i - a +2 robe of willpower
 m - a +0 troll leather armour (worn)
 u - +0 steam dragon scales
 F - a +0 cloak (worn)
 R - a +2 helmet of see invisible (worn)
Jewellery
 d - a ring of see invisible
 f - a +5 ring of evasion
 n - a ring of willpower (left hand)
 C - a ring of poison resistance (right hand)
 K - an amulet of regeneration (around neck)
Wands
 q - a wand of quicksilver (3)
 E - a wand of flame (37)
 L - a wand of charming (6)
 M - a wand of mindburst (8)
 P - a wand of iceblast (3)
 Q - a wand of digging (8)
 S - a wand of polymorph (3)
Scrolls
 a - 4 scrolls of enchant armour
 c - 3 scrolls of fear
 h - 5 scrolls of immolation
 l - 4 scrolls of teleportation
 o - 4 scrolls of enchant weapon
 z - 2 scrolls of butterflies
 A - 2 scrolls of brand weapon
 D - 3 scrolls of poison
 G - a scroll of magic mapping {unknown}
 H - 4 scrolls of amnesia
 J - 3 scrolls of vulnerability {unknown}
 N - 4 scrolls of noise {unknown}
 U - a scroll of fog {unknown}
Potions
 b - 2 potions of magic
 e - 5 potions of lignification
 g - a potion of degeneration {unknown}
 j - 3 potions of heal wounds {unknown}
 k - 5 potions of curing
 r - 2 potions of resistance {unknown}
 s - 4 potions of attraction {unknown}
 t - 7 potions of haste {unknown}
 v - 3 potions of ambrosia {unknown}
 w - 3 potions of might {unknown}
 x - 3 potions of brilliance {unknown}
 I - 2 potions of mutation {unknown}
 O - 2 potions of flight
 V - a potion of berserk rage {unknown}
Miscellaneous
 y - a phial of floods


   Skills:
 + Level 3.3 Fighting
 + Level 1.0 Short Blades
 + Level 6.0 Polearms
 + Level 2.3 Armour
 + Level 4.1 Dodging
 + Level 4.7 Stealth
 + Level 1.0 Unarmed Combat
 + Level 10.5 Spellcasting
 + Level 6.7 Conjurations
 + Level 10.1 Fire Magic
 + Level 2.1 Earth Magic
 + Level 1.1 Evocations


You had 17 spell levels left.
You knew the following spells:

 Your Spells              Type           Power      Damage    Failure   Level
a - Scorch                Fire           100%       2d10      1%          2
b - Foxfire               Conj/Fire      100%       2x1d9     1%          1
c - Stone Arrow           Conj/Erth      56%        3d10      1%          3
d - Airstrike             Air            5%         2d(1-17)  22%         4
e - Fireball              Conj/Fire      22%        3d10      2%          5

Your spell library contained the following spells:

 Spells                   Type           Power      Damage    Failure   Level
 Momentum Strike          Conj/Tloc      48%        3d9       1%          2
 Magic Dart               Conj           100%       1d8       1%          1
 Sandblast                Erth           38%        2d10      1%          1
 Hailstorm                Conj/Ice       24%        3d7       1%          3
 Ignite Poison            Fire/Tmut/Pois 24%        N/A       1%          3
 Inner Flame              Hex/Fire       30%        N/A       1%          3
 Kindle Blastsparks       Fire/Tloc/Air  48%        2d14      1%          3
 Flame Wave               Conj/Fire      44%        2d11      1%          4
 Sticky Flame             Conj/Fire      44%        2d6       1%          4
 Freeze                   Ice            40%        1d6       2%          1
 Mephitic Cloud           Conj/Pois/Air  19%        N/A       3%          3
 Iskenderun's Mystic Bla  Conj/Tloc      24%        2d7       6%          4
 Frozen Ramparts          Ice            20%        1d4       7%          3
 Apportation              Tloc           20%        N/A       9%          1
 Beastly Appendage        Tmut           20%        N/A       9%          1
 Necrotise                Necr           40%        1d6       9%          1
 Summon Small Mammal      Summ           40%        N/A       9%          1
 Passwall                 Tmut/Erth      11%        N/A       9%          2
 Starburst                Conj/Fire      22%        6d7       11%         6
 Call Imp                 Summ           10%        N/A       14%         2
 Wereblood                Tmut           10%        N/A       14%         2
 Arcjolt                  Conj/Air       12%        1d22      16%         5
 Lightning Bolt           Conj/Air       12%        1d25      16%         5
 Gell's Gravitas          Tloc           10%        N/A       26%         3
 Spider Form              Tmut/Pois      10%        N/A       26%         3
 Vhi's Electric Charge    Tloc/Air       20%        N/A       26%         3
 Animate Dead             Necr           10%        N/A       65%         4
 Summon Lightning Spire   Summ/Air       10%        N/A       65%         4
 Haunt                    Necr/Summ      5%         N/A       100%        7
 Infestation              Necr           5%         N/A       100%        8
 Maxwell's Capacitive Co  Air            5%         ∞         100%        8


Dungeon Overview and Level Annotations

Branches:
Dungeon (13/15)            Temple (1/1) D:6            Lair (0/5) D:10
    Orc (0/2) D:11         Vaults (0/5) D:13          Sewer (visited)

Altars:
Ashenzari
Cheibriados
Dithmenos
Fedhas
Gozag
Hepliaklqana
Makhleb
Nemelex Xobeh
Okawaru
Qazlal
Ru
Sif Muna
Trog
Uskayaw
Vehumet
Wu Jian
Xom

Shops:
D:10 :

Annotations:
D:12 3 runed translucent doors, valliere's ghost, journeyman DrTm
D:13 Nessos
Abyss:1 Rupert


Innate Abilities, Weirdness & Mutations

You are partially covered in molten scales. (AC +2)
You regenerate a little health from kills.
You are partially covered in sharp spines.
Your touch may irresistibly damage your foes and sap their willpower.


Message History

The centaur warrior is severely wounded.
The fireball engulfs the troll!!
The troll is severely wounded.
Your Polearms skill increases to level 6!
Unknown command.
Unknown command.
Casting: Fireball (dangerous; 8% risk of failure)
Confirm with . or Enter, or press ? or * to list all spells.
Aiming: Fireball (dangerous; 8% risk of failure)
Press: ? - help, Shift-Dir - straight line, f - centaur
Aim: a centaur You miscast Fireball.
You are very lightly contaminated with residual magic.
Nothing appears to happen.
The centaur is struck by your spines. The centaur barely misses you.
The centaur misses you.
Unknown command.
Unknown command.
You hit the centaur.
Space warps horribly around the centaur!
You kill the centaur!
Vehumet accepts your kill.
Vehumet is now aiding your destructive spells.
You feel your power returning.
The centaur warrior shoots an arrow.
The arrow hits you!
Reach: B) +8 demon trident "Rift" {distort, reach+}
Press: ? - help, Dir - move target, f - centaur warrior
Aim: a centaur warrior, wielding a +0 longbow (severely wounded, about 25% to evade the +8 demon trident "Rift")
You puncture the centaur warrior!
Space warps around the centaur warrior.
The centaur warrior is almost dead.
The centaur warrior shoots an arrow.
The arrow hits you!
* * * LOW HITPOINT WARNING * * *
The centaur warrior shoots an arrow.
The arrow misses you.
Unknown command.
Reach: B) +8 demon trident "Rift" {distort, reach+}
Press: ? - help, Dir - move target, f/p - centaur warrior
Aim: a centaur warrior, wielding a +0 longbow (almost dead, about 25% to evade the +8 demon trident "Rift")
You puncture the centaur warrior!
The centaur warrior is almost dead.
The centaur warrior shoots an arrow.
The arrow hits you!!
You die... ....... ..... ..).. .). )T)

#c# #)# #@####
#....# ####+####
####'### #.....# .
#......# #.#.#.###
#......### #)#.#..
#......'.###)#.#.#
#......#.#...#...#
#).....#.#.#######
#......#.'..>..#..


You could see a centaur warrior and a troll.

Vanquished Creatures
  A boulder beetle (D:12)
  2 two-headed ogres
  Urug (D:12)
  A deep elf pyromancer (D:12)
  An ugly thing (D:11)
  2 cyclopes (D:11)
  2 unseen horrors (D:11)
  4 trolls
  2 hornets
  4 slime creatures (D:12)
  3 shadows (D:10)
  12 yaks
  2 wraiths (D:12)
  2 steam dragons
  3 vampire mosquitoes (D:11)
  An acid dragon (D:11)
  6 water moccasins
  2 orc warriors
  2 black bears (D:10)
  A sky beast (D:8)
  15 centaurs
  An ogre (D:5)
  A phantom (D:7)
  Blork the orc (D:6)
  6 bullfrogs
  2 gnoll sergeants
  4 necrophages
  3 scorpions
  13 killer bees
  4 howler monkeys
  3 hounds
  3 jellies
  6 orc priests
  A gnoll bouda (D:5)
  4 iguanas
  8 orc wizards
  A hell rat (Sewer)
  14 gnolls
  17 adders
  2 river rats (Sewer)
  A shadow imp (D:5)
  A white imp (D:7)
  2 ufetubi (D:5)
  2 worms
  2 dart slugs
  27 orcs
  5 ball pythons
  5 bats
  8 endoplasms
  3 giant cockroaches
  6 goblins
  5 hobgoblins
  2 jackals (D:2)
  5 kobolds
  9 quokkas
  A frilled lizard (D:2)
  12 rats
259 creatures vanquished.

Vanquished Creatures (collateral kills)
  A foxfire (D:11)
1 creature vanquished.

Vanquished Creatures (others)
  An orc (D:8)
  602 foxfires
  33 fungi (D:10)
  39 plants (D:10)
675 creatures vanquished.

Grand Total: 935 creatures vanquished

Notes
Turn   | Place    | Note
-------+----------+-------------------------------------------
     0 | D:1      | Atlas the Demonspawn Fire Elementalist began the quest for
                  | the Orb.
     0 | D:1      | Reached XP level 1. HP: 13/13 MP: 3/3
     6 | D:1      | Got the Parchment of the Death Scarab
   394 | D:1      | Gained mutation: You are partially covered in sharp spines.
                  | [demonic ancestry]
   394 | D:1      | Reached XP level 2. HP: 19/19 MP: 1/5
  1039 | D:2      | Found a blossoming altar of Fedhas.
  1075 | D:2      | Reached XP level 3. HP: 23/24 MP: 1/6
  1307 | D:1      | Learned a level 2 spell: Scorch
  1473 | D:2      | Gained mutation: Your touch may inflict minor irresistible
                  | damage on your foes. [demonic ancestry]
  1473 | D:2      | Reached XP level 4. HP: 18/30 MP: 1/7
  1638 | D:2      | Identified the +5 rapier "Zinibbom" {drain, Str+2}
  2127 | D:3      | Found a glowing drain.
  2252 | Sewer    | Entered a sewer
  2259 | Sewer    | Gained mutation: Your touch may inflict irresistible damage
                  | on your foes. [demonic ancestry]
  2259 | Sewer    | Reached XP level 5. HP: 36/36 MP: 9/9
  2468 | Sewer    | Reached skill level 1 in Unarmed Combat
  2695 | D:3      | Reached skill level 1 in Fighting
  2724 | D:3      | Found a broken altar of Ashenzari.
  2836 | D:3      | Found the +8 demon trident "Rift" {distort, reach+}
  3228 | D:4      | Noticed a centaur
  3313 | D:4      | Killed a centaur
  3314 | D:4      | Reached skill level 1 in Short Blades
  3314 | D:4      | Reached skill level 1 in Polearms
  3314 | D:4      | Gained mutation: You are partially covered in molten
                  | scales. (AC +2) [demonic ancestry]
  3314 | D:4      | Reached XP level 6. HP: 35/43 MP: 7/10
  3980 | D:4      | Reached XP level 7. HP: 48/48 MP: 3/11
  4359 | D:5      | Entered Level 5 of the Dungeon
  4937 | D:5      | Reached skill level 1 in Armour
  4945 | D:5      | Reached skill level 5 in Fire Magic
  5115 | D:5      | Reached XP level 8. HP: 54/54 MP: 10/14
  5575 | D:6      | Noticed Blork the orc
  5586 | D:6      | Killed Blork the orc
  5807 | D:6      | Reached skill level 5 in Spellcasting
  5980 | D:6      | Noticed a deep elf pyromancer
  6454 | D:6      | Found a staircase to the Ecumenical Temple.
  6461 | Temple   | Entered the Ecumenical Temple
  6725 | Temple   | Became a worshipper of Vehumet
  7067 | D:7      | Reached XP level 9. HP: 59/59 MP: 17/17
  7628 | D:7      | Reached * piety under Vehumet
  7628 | D:7      | Offered knowledge of Shock by Vehumet.
  7757 | D:7      | You fall into a shaft and drop 2 floors!
  8290 | D:8      | Reached skill level 1 in Evocations
  8445 | D:8      | Learned a level 3 spell: Stone Arrow
  9132 | D:9      | Learned a level 4 spell: Airstrike
  9244 | D:9      | Noticed a troll
  9250 | D:9      | Killed a troll
  9251 | D:9      | Reached XP level 10. HP: 67/67 MP: 13/21
  9367 | D:9      | Noticed a two-headed ogre
  9375 | D:9      | Killed a two-headed ogre
  9734 | D:10     | Entered Level 10 of the Dungeon
  9745 | D:10     | Reached skill level 5 in Conjurations
  9852 | D:10     | Reached skill level 1 in Earth Magic
 10092 | D:10     | Found a staircase to the Lair.
 10206 | D:10     | Found Ingyd's Book Boutique.
 10574 | D:10     | Noticed a two-headed ogre
 10578 | D:10     | Killed a two-headed ogre
 10914 | D:10     | Gained mutation: Your touch may irresistibly damage your
                  | foes and sap their willpower. [demonic ancestry]
 10914 | D:10     | Reached XP level 11. HP: 69/74 MP: 10/23
 10915 | D:10     | Reached ** piety under Vehumet
 10915 | D:10     | Offered knowledge of Poisonous Vapours by Vehumet.
 11067 | D:11     | Noticed a white ugly thing
 11226 | D:11     | Reached skill level 5 in Polearms
 11323 | D:11     | Killed a white ugly thing
 11900 | D:11     | Found a staircase to the Orcish Mines.
 12273 | D:10     | Bought Sif Muna's Textbook on Calefaction for 800 gold
                  | pieces
 12279 | D:10     | Learned a level 5 spell: Fireball
 12393 | D:12     | Noticed a boulder beetle
 12402 | D:12     | Killed a boulder beetle
 12403 | D:12     | Reached skill level 10 in Spellcasting
 12664 | D:12     | Offered knowledge of Momentum Strike by Vehumet.
 12877 | D:12     | Found a runed translucent gate.
 12877 | D:12     | Found a runed translucent gate.
 12877 | D:12     | Found a runed translucent gate.
 12879 | D:12     | Noticed a tengu warrior
 12883 | D:12     | Noticed an orc knight
 12884 | D:12     | Noticed a deep elf knight
 12884 | D:12     | Noticed valliere's ghost (journeyman DrTm)
 12885 | D:12     | Noticed a centaur warrior
 12982 | D:12     | Noticed a deep elf pyromancer
 12988 | D:12     | Killed a deep elf pyromancer
 13426 | D:12     | Found an iron altar of Okawaru.
 13470 | D:13     | Noticed Rupert
 13470 | D:13     | Noticed an orc knight
 13470 | D:13     | Noticed Nessos
 13470 | D:13     | Noticed Urug
 13470 | D:13     | Found a gate to the Vaults.
 13490 | D:12     | Killed Urug
 13491 | D:12     | Reached skill level 10 in Fire Magic
 13771 | D:13     | Banished Rupert
 13772 | D:13     | Gained mutation: You regenerate a little health from kills.
                  | [demonic ancestry]
 13772 | D:13     | Reached XP level 12. HP: 81/81 MP: 22/26
 13947 | D:13     | Noticed a centaur warrior
 13953 | D:13     | Reached *** piety under Vehumet
 13955 | D:13     | Shot with an arrow by a centaur warrior

Illustrated notes

Levels and vault maps discovered:
D:1:      ebering_trefoil_3fold, layout_basic
D:2:      layout_loops_ring, basic_altar, minmay_joined_circles
D:3:      layout_loops_ring, mainiacjoe_overflow_divided_tiny,
          portal_sewer_entry_f, hex_tiny
D:4:      layout_basic, minmay_pentomino_pile
D:5:      layout_basic, minmay_increasing_density
D:6:      layout_basic, minmay_temple_entry_crystal_x,
          kennysheep_cluttered_room, minmay_three_doors, uniq_blork_the_orc
D:7:      layout_loops_cross
D:8:      layout_basic
D:9:      layout_irregular_city
D:10:     layout_irregular_city, due_lair_maze_entry_diamond,
          serial_co_window_serial, co_window_paths_a, co_window_corner_a,
          co_window_of_opportunity_a, co_window_of_opportunity_a,
          co_window_of_opportunity_a, co_window_of_opportunity_a,
          co_window_paths_a, co_window_of_opportunity_a, co_window_corner_a,
          co_window_2corner, co_window_of_opportunity_b, co_window_2corner,
          co_window_corner_b, co_window_paths_d, glass_columns_a,
          glass_columns_a, glass_columns_c, glass_columns_b, glass_columns_a,
          serial_shops, nicolae_shop_behind_doors, minmay_variable_closet
D:11:     layout_basic, minmay_orc_entry_temple_small,
          kennysheep_generic_room_11
D:12:     layout_roguey, gammafunk_ghost_fury_of_okawaru, feat_on_display
D:13:     layout_roguey, david_vaults_3, uniq_urug
Temple:   mainiacjoe_temple_cubbyholes

Skill      XL: |  1  2  3  4  5  6  7  8  9 10 11 12 |
---------------+-------------------------------------+-----
Fire Magic     | 3 4 5 6 7 9 10 | 10.1
Dodging        | 2 3 4 |  4.1
Stealth        | 2 3 4 |  4.7
Unarmed Combat | 1 |  1.0
Fighting       | 1 2 3 |  3.3
Conjurations   | 2 3 4 5 6 |  6.7
Short Blades   | 1 |  1.0
Polearms       | 1 2 4 5 6 |  6.0
Spellcasting   | 3 4 5 7 8 10 | 10.5
Armour         | 1 2 |  2.3
Evocations     | 1 |  1.1
Earth Magic    | 1 2 |  2.1

Action                     |  1- 3 |  4- 6 |  7- 9 | 10-12 || total
---------------------------+-------+-------+-------+-------++-------
  Melee: Unarmed           |    21 |     6 |       |       ||    27
         Rapier            |       |    29 |       |       ||    29
         Touch             |       |     3 |     4 |     5 ||    12
         Punch             |       |     1 |       |     1 ||     2
         Demon trident     |       |    22 |    58 |    68 ||   148
   Cast: Foxfire           |    43 |    90 |   123 |    99 ||   355
         Scorch            |     3 |     3 |    67 |    63 ||   136
         Stone Arrow       |       |       |     5 |    45 ||    50
         Fireball          |       |       |       |     7 ||     7
  Evoke: Phial of floods   |       |       |     1 |       ||     1
    Use: Potion            |       |       |     1 |     1 ||     2
         Scroll            |       |       |     9 |     4 ||    13
   Stab: Sleeping          |     1 |     9 |     6 |     2 ||    18
 Armour: Robe              |     6 |     4 |     8 |       ||    18
         Leather armour    |       |     1 |     1 |       ||     2
         Steam dragon scal |       |       |    10 |    20 ||    30
         Troll leather arm |       |       |       |    13 ||    13
  Dodge: Dodged            |    38 |    35 |    49 |    89 ||   211

Table legend: (Time is in decaauts)
 A = Elapsed time spent in this place.
 B = Non-inter-level travel time spent in this place.
 C = Inter-level travel time spent in this place.
 D = Time resting spent in this place.
 E = Time spent auto-exploring this place.
 F = Levels seen in this place.
 G = Mean time per level.
                   A        B        C        D        E       F      G
               +--------+--------+--------+--------+--------+-----+--------+
         Total |  13988 |  13331 |    657 |    836 |  10707 |  15 |  932.5 |
       Dungeon |  13420 |  12811 |    609 |    836 |  10249 |  13 | 1032.3 |
        Temple |    301 |    253 |     48 |      0 |    252 |   1 |  301.0 |
         Sewer |    266 |    266 |      0 |      0 |    205 |   1 |  266.0 |
               +--------+--------+--------+--------+--------+-----+--------+

Top non-repeatable levels by time:
     D:6: 1426 daAuts
    D:10: 1370 daAuts
    D:12: 1305 daAuts
     D:4: 1151 daAuts
    D:11: 1139 daAuts
     D:5: 1042 daAuts
     D:1: 1034 daAuts
     D:9: 1022 daAuts
     D:2: 1019 daAuts
     D:7: 924 daAuts
     D:3: 909 daAuts
     D:8: 746 daAuts
    D:13: 325 daAuts
  Temple: 301 daAuts
   Sewer: 266 daAuts
